 Dungeon Crawl Stone Soup version 0.17-a0-1504-gb7d9117 (webtiles) character file.

1851301 Pikaro the Human Porcupine (level 27, 247/247 HPs)
             Began as a Human Artificer on July 4, 2015.
             Was the Champion of Qazlal.
             Escaped with the Orb
             ... and 4 runes on July 10, 2015!
             The game lasted 07:42:33 (127909 turns).

Pikaro the Human Porcupine (Human Artificer)      Turns: 127909, Time: 07:42:33

Health: 247/247    AC: 53    Str: 25    XL:     27
Magic:  37/37      EV: 17    Int: 16    God:    Qazlal [******]
Gold:   4453       SH:  8    Dex: 16    Spells: 0 memorised, 26 levels left

rFire  + . .     SeeInvis +     a - +9 bardiche (freeze)
rCold  + + .     Clarity  .     g - +6 gold dragon armour {rC+ rF+ rPois}
rNeg   + + +     SustAt   .     (no shield)
rPois  +         Gourm    .     Y - +2 helmet {SInv} {sInv}
rElec  +         Spirit   +     O - +2 cloak {+Inv}
rCorr  +         Warding  .     K - +2 pair of gloves of the Gardener {rElec rN+ rCorr Str+3}
rMut   .         Stasis   .     N - +2 pair of boots {run} {Speed+}
MR     +++..                    q - amulet of Devotion {Spirit rElec MR+ Str+3}
Stlth  ..........               B - ring of the Rose {rElec AC+5}
                                p - ring of the Swan {*Contam rElec rPois rC+ rN+++}

@: repel missiles, quick, extremely resistant to hostile enchantments, extremely
unstealthy
A: no striking features
a: Upheaval, Elemental Force, Disaster Area, Renounce Religion, Evoke
Invisibility
0: Orb of Zot
}: 4/15 runes: barnacled, slimy, silver, gossamer


You escaped.
You worshipped Qazlal.
Qazlal was exalted by your worship.
You were very full.

You visited 11 branches of the dungeon, and saw 62 of its levels.
You visited the Abyss 1 time.
You visited 1 ziggurat, and saw 12 of its levels.
You also visited: Trove, Sewer, Bailey and Ice Cave.

You collected 12611 gold pieces.
You spent 8158 gold pieces at shops.

Inventory:

Hand weapons
 a - a +9 bardiche of freezing (weapon)
   (You subdued it on level 2 of the Elven Halls)
 b - a +4 bardiche of holy wrath
   (You took it off a tengu warrior on level 5 of the Depths)
Armour
 g - a +6 gold dragon armour (worn) {rC+ rF+ rPois}
   (You found it on level 4 of the Depths)
 K - the +2 pair of gloves of the Gardener (worn) {rElec rN+ rCorr Str+3}
   (You bought it in a shop on level 15 of the Dungeon)

   It affects your strength (+3).
   It insulates you from electricity.
   It protects you from negative energy.
   It protects you from acid and corrosion.
 N - a +2 pair of boots of running (worn) {Speed+}
   (You found it on level 11 of a ziggurat)
 O - a +2 cloak of invisibility (worn)
   (You found it on level 12 of the Dungeon)
 Y - a +2 helmet of see invisible (worn) {sInv}
   (You bought it in a shop on level 5 of the Vaults)
Rods
 v - a +5 rod of shadows (10/10)
   (You found it on level 9 of a ziggurat)
Jewellery
 p - the ring of the Swan (left hand) {*Contam rElec rPois rC+ rN+++}
   (You bought it in a shop on level 4 of the Orcish Mines)

   [ring of protection from cold]

   It protects you from cold.
   It insulates you from electricity.
   It protects you from poison.
   It renders you almost immune to negative energy.
   It causes magical contamination when unequipped.
 q - the amulet of Devotion (around neck) {Spirit rElec MR+ Str+3}
   (You bought it in a shop on level 4 of the Orcish Mines)

   [amulet of guardian spirit]

   It causes incoming damage to be split between your health and magic.
   It affects your strength (+3).
   It insulates you from electricity.
   It affects your resistance to hostile enchantments.
 B - the ring of the Rose (right hand) {rElec AC+5}
   (You found it on level 6 of the Dungeon)

   [ring of protection]

   It affects your AC (+5).
   It insulates you from electricity.
 X - an uncursed ring of teleportation {+/*tele}
   (You found it on level 2 of the Crypt)
Magical devices
 c - a wand of enslavement (6)
   (You took it off a deep elf priest on level 3 of the Elven Halls)
 e - a wand of draining (3)
   (You found it on level 4 of the Shoals)
 h - a wand of cold (4)
   (You found it on level 1 of the Crypt)
 k - a wand of disintegration (11)
   (You found it on level 1 of the Vaults)
 o - a wand of hasting (3)
   (You found it on level 2 of the Dungeon)
 r - a wand of lightning (6)
   (You found it on level 4 of the Vaults)
 z - a wand of paralysis (18)
   (You found it on level 4 of the Shoals)
 A - a wand of fire (12)
   (You found it on level 3 of the Spider Nest)
 D - a wand of digging (15)
   (You took it off a yaktaur on level 5 of the Vaults)
 U - a wand of polymorph (14)
   (You found it on level 5 of the Vaults)
 Z - a wand of heal wounds (6)
   (You found it on level 6 of the Pits of Slime)
Scrolls
 d - 3 scrolls of teleportation
 f - 5 scrolls of immolation {!r}
 j - a scroll of vulnerability {!r!r}
 s - 21 scrolls of remove curse
 u - 4 scrolls of recharging
 y - 22 scrolls of identify
 G - 4 scrolls of blinking {!r}
 L - 9 scrolls of fog
 Q - 4 scrolls of summoning
 V - 2 scrolls of silence
Potions
 i - 2 potions of invisibility
 m - 4 potions of haste
 n - 5 potions of might
 C - 3 potions of cancellation
 E - 2 potions of magic
 F - 4 potions of heal wounds
 M - a potion of resistance
 P - 3 potions of agility
 T - 15 potions of curing
Miscellaneous
 l - a stone of tremors
   (You found it in a bailey)
 t - a fan of gales
   (You found it on level 3 of the Elven Halls)
 x - a lamp of fire
   (You found it on level 5 of the Vaults)
 R - a disc of storms
   (You found it on level 3 of the Crypt)
 W - a phial of floods
   (You found it on level 3 of the Elven Halls)
Comestibles
 w - 15 meat rations
 H - 3 chunks of flesh
 J - 22 beef jerkies


   Skills:
 + Level 26.9 Fighting
   Level 1.0 Short Blades
 O Level 27 Polearms
 + Level 25.2 Armour
 - Level 20.0 Dodging
 - Level 1.0 Stealth
   Level 4.0 Shields
 - Level 20.2 Invocations
 - Level 20.0 Evocations


You had 26 spell levels left.
You didn't know any spells.

Dungeon Overview and Level Annotations

Branches:
Dungeon (15/15)            Temple (0/1) D:6            Lair (8/8) D:11
 Shoals (4/4) Lair:3       Spider (4/4) Lair:5        Slime (6/6) Lair:8
    Orc (4/4) D:12            Elf (3/3) Orc:3        Vaults (5/5) D:14
  Crypt (3/3) Vaults:3       Tomb (0/3) Crypt:3      Depths (5/5) D:15
    Zot (5/5) Depths:5

Altars:
Dithmenos
Elyvilon
Gozag
Kikubaaqudgha
Makhleb
Okawaru
Qazlal
Ru
Sif Muna
Trog
Vehumet
Zin
The Shining One
Beogh

Shops:
D:6 :}!%   D:15 ([!(   Orc:1 %   Orc:2 *   Orc:4 !=:*!   Elf:1 *   Elf:2 ?
Shoals:1 ?   Shoals:2 }!   Vaults:5 [(   Depths:2 %![*   Depths:3 (

Portals:
Hell: Lair:8 Depths:1 Depths:2 Depths:3 Depths:4 Depths:5
Abyss: Depths:4
Pandemonium: Depths:3

Annotations:
D:1 1 runed door


Message History

Aim: a red devil, wielding a demon trident of electrocution (heavily wounded)
You reach to attack!
You slice the red devil!! You freeze the red devil!
You kill the red devil!
No target in view!
No target in view!
(D) Dungeon (T) Temple (L) Lair (A) Shoals (N) Spider Nest (M) Slime Pits (O) Orcish Mines (E) Elven Halls (V) Vaults (C) Crypt (W) Tomb (U) Depths (H) Hell (Z) Zot
Where to? (* - list waypoints, Enter - D:2, ? - help)
A red devil comes into view. It is wielding a trident.
There is a stone staircase leading up here.
You climb upwards.
There is a stone staircase leading down here.
(D) Dungeon (T) Temple (L) Lair (A) Shoals (N) Spider Nest (M) Slime Pits (O) Orcish Mines (E) Elven Halls (V) Vaults (C) Crypt (W) Tomb (U) Depths (H) Hell (Z) Zot
Where to? (* - list waypoints, Enter - D:2, ? - help)
You hear a shout!
You see here a stone.
You hear a shout!
A giant newt comes into view.
You see here a stone.
A neqoxec comes into view.
The neqoxec shouts!
You see here a club.
Attack whom?
Aim: a giant newt You reach to attack!
Your gold dragon armour prevents you from hitting the giant newt.
You open the giant newt like a pillowcase!!!
You freeze the giant newt.
You kill the giant newt!
The neqoxec gestures at you.
Strange energies course through your body.
You feel weaker. The neqoxec gestures at you.
Strange energies course through your body.
Your vision blurs.
Unknown command.
The neqoxec hits you but does no damage. 8 stones; an uncursed hunting sling You slash the neqoxec!
You freeze the neqoxec!
The neqoxec hits you but does no damage.
You barely miss the neqoxec.
A kobold comes into view. It is wielding a short sword.
You slash the neqoxec! You freeze the neqoxec.
The neqoxec is struck by lightning.
You kill the neqoxec!
The kobold throws a stone.
The stone misses you.
You hear a shout!
The kobold throws a stone.
The stone misses you.
You see here a stone.
The kobold hits you but does no damage.
You cut the kobold into ribbons!!! You freeze the kobold.
You kill the kobold!
You now have 4453 gold pieces (gained 28). a short sword; 2 potions of brilliance; a kobold corpse
(D) Dungeon (T) Temple (L) Lair (A) Shoals (N) Spider Nest (M) Slime Pits (O) Orcish Mines (E) Elven Halls (V) Vaults (C) Crypt (W) Tomb (U) Depths (H) Hell (Z) Zot
Where to? (* - list waypoints, Enter - D:1, ? - help)
There is a stone staircase leading up here.
You climb upwards.
Level annotation: 1 runed door
There is a stone staircase leading down here.
Drink which item? (? for menu, Esc to quit)
Really quaff
I - a potion of cure mutation {!q}?
It has a very clean taste.
You feel a little healthier.
Your natural healing is strengthened.
Your vision sharpens.
You feel healthier.
You feel stronger.
An Orb Guardian comes into view.
Attack whom?
Aim: an Orb Guardian (freezing vapour)
You reach to attack!
You carve the Orb Guardian like a ham!!!!
You freeze the Orb Guardian!!
You kill the Orb Guardian!
No target in view!
No target in view!
No target in view!
(D) Dungeon (T) Temple (L) Lair (A) Shoals (N) Spider Nest (M) Slime Pits (O) Orcish Mines (E) Elven Halls (V) Vaults (C) Crypt (W) Tomb (U) Depths (H) Hell (Z) Zot
Where to? (* - list waypoints, Enter - D:1 @ (x,y), ? - help)
You hear a bark!
The jackal barks!
The ooze quivers.
The rat is too close now for your liking.
Attack whom?
Aim: a rat You reach to attack!
You slice the rat!! You freeze the rat.
You kill the rat!
You hear a bark!
You hear a bark!
There is a staircase leading out of the dungeon here.
You have escaped!

# #..# #.# #..........#
##.## #.# #..§§......# #.(#
#.# #.§.§......# #.(###.#
#.§§.......#
#.(.##.###.########.#
#........)..........#
#.(###'#######'###..#
#..#..⌠.§.§§..⌠..#..#
#.)#......@..†...#..#
#..'⌠....###§..§⌠+..#
#..#(........§...#..#
#.)#######+#######..#
#######..#..JJ.rhJssr..#..#
.........#...s..J.s....#..#
.........#.............#..#
.........###############..#
######...............)...>#


There were no monsters in sight!

Vanquished Creatures
  4 orbs of fire
  2 ancient liches (Zot:5)
  Boris (Depths:3)
  Margery (Crypt:3)
  Saint Roka (Crypt:1)
  6 Killer Klowns
  3 curse toes
  2 caustic shrikes
  18 golden dragons
  Xtahua (Crypt:3)
  4 bone dragons
  2 profane servitors
  3 electric golems
  A pandemonium lord (Zig:8)
  Jorgrun (Vaults:1)
  A shard shrike zombie (Crypt:1)
  A hellephant (Abyss:3)
  A Brimstone Fiend (Zot:1)
  Rupert (D:13)
  An Ice Fiend (Depths:5)
  21 tentacled monstrosities
  26 Orb Guardians
  2 deep elf master archers (Elf:3)
  3 deep elf blademasters
  10 sphinxes
  6 quicksilver dragons
  9 titans
  24 acid blobs
  5 ancient champions
  8 liches
  An octopode crusher (Shoals:3)
  A tentacled starspawn (Zig:10)
  19 storm dragons
  6 draconian monks
  7 tengu reavers
  5 shadow dragons
  Ilsuiw (Shoals:4)
  Wiglaf (Vaults:1)
  10 azure jellies
  2 revenants
  22 frost giants
  27 vault wardens
  4 iron dragons
  4 draconian knights
  3 balrugs
  18 fire giants
  Maud (D:12)
  A chaos champion (Depths:5)
  6 draconian scorchers
  8 ghost moths
  5 deep elf sorcerers
  Aizul (Spider:2)
  A curse skull (Crypt:3)
  3 orc warlords
  2 cacodemons (Abyss:3)
  5 emperor scorpions
  A war gargoyle (Vaults:5)
  2 draconian zealots
  4 draconian shifters
  20 ironheart preservers
  8 ghouls
  6 draconian annihilators
  7 spriggan defenders
  28 stone giants
  A reaper (Zig:4)
  A stone giant (shapeshifter) (Zig:8)
  30 very ugly things
  2 draconian callers (Zot:2)
  8 vampire knights
  4 green draconians
  14 deep elf demonologists
  Nessos (Lair:7)
  13 large abominations
  7 black draconians
  3 mottled draconians
  10 deep elf annihilators
  7 white draconians
  3 dire elephants
  5 purple draconians
  A lorocyproca (D:8)
  9 yellow draconians
  4 salamander stormcallers
  8 red draconians
  9 merfolk javelineers
  25 ettins
  Snorg (D:13)
  2 eidola
  2 crystal guardians
  11 deep elf death magi
  5 merfolk impalers
  9 deep elf high priests
  A green death (Abyss:3)
  28 fire dragons
  23 jiangshi
  8 death oozes
  20 great orbs of eyes
  A spectral golden dragon (Crypt:3)
  44 vault guards
  92 slime creatures
  25 yaktaur captains
  14 entropy weavers
  15 ice dragons
  15 death cobs
  A naga warrior (Zig:1)
  5 spriggan air magi
  6 hydras
  A hell beast (D:9)
  11 rakshasas
  12 centaur warriors
  A hydra (shapeshifter) (Elf:2)
  2 alligator snapping turtles
  A ghost crab (Shoals:4)
  15 dancing weapons
  8 death knights
  10 vampire magi
  8 catoblepae
  2 satyrs
  30 ogre magi
  7 tengu warriors
  6 merfolk aquamancers
  19 deep troll earth magi
  5 death yaks
  2 orc high priests
  2 thrashing horrors (Abyss:3)
  A queen ant (Spider:3)
  Urug (Lair:1)
  9 spriggan berserkers
  17 deep troll shamans
  2 soul eaters
  7 sun demons
  6 wretched stars
  7 iron trolls
  4 fire crabs
  39 skeletal warriors
  11 sea snakes
  8 deep elf summoners
  An ice devil (Abyss:3)
  20 deep elf knights
  A spatial maelstrom (Zig:10)
  12 hell knights
  10 shadow wraiths
  15 giant orange brains
  44 deep trolls
  A swamp dragon (shapeshifter) (Elf:3)
  11 flayed ghosts
  A fire crab (shapeshifter) (Depths:5)
  A shadow demon (Depths:4)
  19 phantasmal warriors
  13 necromancers
  14 deep elf conjurers
  4 unseen horrors
  11 hill giants
  2 ice statues (IceCv)
  12 orc knights
  A shadow dragon zombie (Crypt:3)
  An anubis guard (shapeshifter) (Vaults:2)
  An anaconda skeleton (Crypt:2)
  An obsidian statue (Zig:6)
  A hill giant (shapeshifter) (Vaults:5)
  21 ironbrand convokers
  A golden dragon skeleton (Crypt:3)
  23 harpies
  84 ugly things
  6 orb spiders
  14 griffons
  A mana viper (shapeshifter) (Zig:8)
  31 wolf spiders
  A wolf spider (shapeshifter) (Depths:4)
  10 cyclopes
  7 fauns
  4 oklob plants (Zig:10)
  A cyclops (shapeshifter) (Depths:5)
  A frost giant zombie (Depths:2)
  4 fire giant zombies
  5 human zombies
  14 orc sorcerers
  5 shining eyes
  3 water nymphs
  A spectral fire dragon (Crypt:3)
  5 wizards
  18 hornets
  6 sixfirhies
  A salamander (shapeshifter) (Vaults:4)
  15 manticores
  43 moths of wrath
  A water nymph (shapeshifter) (Depths:1)
  4 starcursed masses (Abyss:3)
  3 human skeletons
  A stone giant skeleton (Vaults:1)
  A salamander (D:15)
  4 naga magi
  2 rust devils (Zot:2)
  An elf zombie (Depths:2)
  2 worldbinders
  A black mamba (shapeshifter) (Vaults:3)
  2 apocalypse crabs
  16 elephants
  A fire giant skeleton (Crypt:1)
  6 centaur zombies
  A toenail golem (D:11)
  23 vault sentinels
  2 guardian serpents (shapeshifter)
  An octopode (shapeshifter) (Vaults:5)
  6 sirens
  5 eyes of devastation
  6 orange demons
  4 centaur skeletons
  3 torpor snails
  13 black mambas
  23 spiny frogs
  79 yaktaurs
  4 gargoyles
  5 smoke demons
  A white draconian zombie (Zot:1)
  An efreet (D:15)
  A hellion (D:5)
  A grey draconian zombie (Crypt:1)
  A dire elephant skeleton (Crypt:3)
  12 demonic crawlers
  A tormentor (Depths:5)
  A spriggan zombie (Depths:2)
  4 tengu conjurers
  5 fire drakes
  5 kobold demonologists
  6 ancient zymes
  21 deep elf priests
  4 red devils
  2 yaktaur skeletons (Vaults:4)
  A spectral harpy (Crypt:3)
  21 komodo dragons
  A pale draconian skeleton (Crypt:1)
  A two-headed ogre (shapeshifter) (Vaults:3)
  An entropy weaver zombie (Crypt:1)
  12 freezing wraiths
  8 raiju (Abyss:3)
  38 merfolk
  A purple draconian skeleton (Crypt:1)
  A raiju (shapeshifter) (Depths:4)
  7 trolls
  A giant leech (shapeshifter) (Vaults:5)
  36 jumping spiders
  8 small abominations
  A wandering mushroom (Lair:7)
  A harpy skeleton (Abyss:3)
  A queen bee (D:13)
  2 polar bears
  A sphinx simulacrum (Depths:2)
  4 blue devils
  46 two-headed ogres
  2 queen bees (shapeshifter)
  6 wind drakes
  6 boulder beetles
  2 hydra skeletons
  A human simulacrum (Vaults:3)
  A bog body (Crypt:2)
  12 snapping turtles
  A stone giant simulacrum (Vaults:4)
  A trapdoor spider (shapeshifter) (Vaults:3)
  14 blink frogs
  A tarantella (shapeshifter) (Depths:5)
  36 deep elf magi
  8 wraiths
  7 air elementals
  41 flying skulls (Crypt:3)
  6 shadows
  5 wyverns
  A centaur simulacrum (D:14)
  A fire giant simulacrum (Depths:2)
  A spriggan (shapeshifter) (Depths:5)
  3 spriggans
  28 trapdoor spiders
  2 ettin skeletons
  24 tarantellas
  3 ynoxinuls (Abyss:3)
  52 redbacks
  46 yaks
  7 chaos spawn
  3 vampires
  A wyvern (shapeshifter) (Depths:2)
  A golden eye (shapeshifter) (D:15)
  The ghost of rnawigator the Gusty, an average VSAE (D:4)
  A redback (shapeshifter) (Vaults:5)
  37 deep elf fighters
  3 fire bats (Abyss:3)
  A hippogriff (shapeshifter) (Depths:2)
  5 basilisks
  8 humans (Zot:4)
  Grum (D:8)
  33 wolves
  6 neqoxecs
  7 golden eyes
  7 water elementals
  2 hungry ghosts
  A hog (shapeshifter) (Depths:1)
  2 mottled dragons
  8 wargs
  11 hippogriffs
  An insubstantial wisp (Zig:10)
  15 vampire mosquitoes
  A hell hound (Lair:8)
  21 water moccasins
  A soldier ant (shapeshifter) (Vaults:4)
  8 ice beasts
  24 spiders
  26 soldier ants
  43 orc warriors
  12 porcupines
  3 black bears
  7 sky beasts
  5 necrophages
  An orc zombie (Vaults:2)
  An ice dragon simulacrum (Crypt:3)
  A spider (shapeshifter) (Depths:4)
  21 centaurs
  5 eyes of draining
  14 boggarts
  17 wasps
  90 ogres
  An elephant skeleton (Crypt:1)
  2 snapping turtle skeletons
  A big kobold (shapeshifter) (D:15)
  4 big kobolds
  23 crocodiles
  A draconian zombie (Crypt:2)
  2 brain worms
  29 giant frogs
  A hog skeleton (Crypt:2)
  A cyclops zombie (Crypt:1)
  A gnoll sergeant (D:10)
  A wyvern zombie (D:13)
  A wyvern skeleton (D:11)
  4 scorpions
  2 spectral wargs (Depths:2)
  An orc simulacrum (Vaults:1)
  27 killer bees
  20 wights
  20 jellies
  2 spriggan skeletons
  6 electric eels
  A giant frog zombie (D:3)
  6 crimson imps
  2 quasits
  A yaktaur simulacrum (Vaults:1)
  34 orc priests
  2 giant frog skeletons
  6 hounds
  20 iguanas
  An iron imp (Abyss:3)
  A porcupine zombie (Crypt:1)
  2 killer bee zombies
  61 orc wizards
  26 sheep
  32 worker ants
  2 big kobold zombies (Crypt:2)
  A hound skeleton (D:9)
  A steam dragon zombie (Crypt:2)
  2 worker ant zombies
  48 river rats
  15 adders
  14 gnolls
  8 shadow imps
  15 white imps
  A giant eyeball (D:8)
  An ufetubus (Abyss:3)
  10 oozes (Sewer)
  2 worms
  4 adder skeletons
  An adder zombie (Crypt:1)
  A worm (shapeshifter) (Elf:2)
  15 giant geckos
  232 orcs
  9 ball pythons
  11 bats
  A bat zombie (D:4)
  13 giant cockroaches
  28 hobgoblins
  16 jackals
  12 giant newts
  41 goblins
  47 kobolds
  3 quokkas
  A quokka zombie (Crypt:2)
  15 rats
  2 bushes
  2 butterflies
  7 crawling corpses
  8 fire vortices
  52 fungi
  97 plants
4014 creatures vanquished.

Vanquished Creatures (collateral kills)
  An ancient lich (Depths:1)
  A frost giant (Depths:4)
  A spriggan defender (Depths:4)
  A mottled draconian (Zot:3)
  2 red draconians
  2 fire dragons
  Erolcha (D:13)
  A deep troll shaman (Depths:4)
  A cyclops (D:13)
  2 orb spiders (Spider:4)
  A wolf spider (Spider:4)
  2 slime creatures (Slime:4)
  A naga (Bailey)
  2 killer bees (D:13)
  A jelly (D:7)
  A worm (D:2)
  An orc (D:8)
  3 bats (D:2)
  A giant cockroach (Sewer)
  4 goblins
  2 hobgoblins
  A jackal (D:2)
  3 kobolds
36 creatures vanquished.

Vanquished Creatures (others)
  A tentacled monstrosity (Vaults:5)
  A tengu reaver (Vaults:5)
  The ghost of nago the Thaumaturge, a mighty VSFE of Vehumet (Lair:8)
  A draconian scorcher (Zot:1)
  2 deep elf high priests
  An ettin (Vaults:5)
  A centaur warrior (D:15)
  A rakshasa (Abyss:3)
  A dancing weapon (Vaults:3)
  A deep troll (Depths:4)
  2 orc knights
  A phantasmal warrior (Vaults:3)
  A wizard (Depths:2)
  An ugly thing (Vaults:3)
  2 yaktaurs (Vaults:3)
  A komodo dragon (Zig:9)
  3 orc warriors (Bailey)
  A tengu conjurer (Depths:2)
  A slime creature (Vaults:1)
  A two-headed ogre (Vaults:3)
  A trapdoor spider (Spider:2)
  A flying skull (Crypt:3)
  A vampire mosquito (Vaults:1)
  A wyvern (Zig:12)
  2 necrophages (Crypt:3)
  2 ogres
  A crocodile (Zig:12)
  A quasit (Abyss:3)
  An orc priest (Orc:4)
  4 adders
  A white imp (Abyss:3)
  A giant gecko (D:2)
  3 orcs
  2 bats (D:3)
  A hobgoblin (D:9)
  A jackal (D:2)
  2 kobolds
  A bush (Lair:7)
  A crawling corpse (Vaults:5)
  4 fire vortices
  26 fungi
  5 lost souls
  16 plants
104 creatures vanquished.

Grand Total: 4154 creatures vanquished

Notes
Turn   | Place    | Note
--------------------------------------------------------------
     0 | D:1      | Pikaro the Human Artificer began the quest for the Orb.
     0 | D:1      | Reached XP level 1. HP: 15/15 MP: 3/3
     0 | D:1      | Noticed a jelly
     1 | D:1      | Found a runed door.
     1 | D:1      | Noticed a jelly
   194 | D:1      | Reached XP level 2. HP: 16/22 MP: 4/4
   308 | D:1      | Reached skill level 2 in Fighting
   870 | D:1      | Reached XP level 3. HP: 28/28 MP: 5/5
  1260 | D:2      | Reached skill level 3 in Fighting
  2200 | D:2      | Reached XP level 4. HP: 35/35 MP: 6/6
  2761 | D:3      | Reached skill level 4 in Fighting
  2831 | D:3      | Found a stormy altar of Qazlal.
  2838 | D:3      | Became a worshipper of Qazlal Stormbringer
  3242 | D:3      | Reached XP level 5. HP: 35/43 MP: 7/7
  3771 | D:4      | Reached skill level 5 in Fighting
  3875 | D:4      | Acquired Qazlal's first power
  3907 | D:4      | HP: 9/44 [orc wizard/dagger (4)]
  3953 | D:4      | Found a glowing drain.
  4047 | D:4      | Noticed rnawigator's ghost (average VSAE)
  4048 | Sewer    | Entered a sewer
  4059 | Sewer    | Reached XP level 6. HP: 39/51 MP: 8/8
  4209 | Sewer    | Reached skill level 4 in Evocations
  4679 | Sewer    | Acquired Qazlal's second power
  4871 | Sewer    | Reached skill level 5 in Evocations
  4893 | Sewer    | Reached XP level 7. HP: 15/56 MP: 10/10
  4897 | Sewer    | HP: 14/56 [giant frog (2)]
  5201 | D:4      | You fall through a shaft!
  5201 | D:7      | Found a flagged portal.
  5205 | Bailey   | Entered a bailey
  5223 | Bailey   | Noticed an orc knight
  5224 | Bailey   | Noticed an orc knight
  5624 | Bailey   | Acquired Qazlal's third power
  6365 | Bailey   | Reached skill level 6 in Evocations
  6367 | Bailey   | an orc knight (ally) was killed
  6812 | Bailey   | Killed an orc knight
  6812 | Bailey   | Reached skill level 8 in Evocations
  6812 | Bailey   | Reached XP level 8. HP: 27/62 MP: 12/14
  7448 | D:7      | Noticed a hippogriff
  7480 | D:7      | Killed a hippogriff
  7480 | D:7      | Reached skill level 9 in Evocations
  7662 | D:6      | Found Jidgh's Book Shop.
  7695 | D:6      | Found Degitof's Gadget Shoppe.
  7837 | D:6      | Found Istuloph's Distillery.
  7838 | D:6      | Found a staircase to the Ecumenical Temple.
  7845 | D:6      | Bought a potion of degeneration for 14 gold pieces
  7845 | D:6      | Bought a potion of heal wounds for 70 gold pieces
  7845 | D:6      | Bought a potion of flight for 42 gold pieces
  7901 | D:6      | Found Ifor's Food Shop.
  7915 | D:6      | Got a flickering pewter ring
  7916 | D:6      | Identified the ring of the Rose {rElec AC+5} (You found it on level 6 of the Dungeon)
  7985 | D:6      | Reached XP level 9. HP: 58/68 MP: 16/16
  8176 | D:6      | Found an opulent altar of Gozag.
  8463 | D:7      | HP: 9/68 [acid (11)]
  8470 | D:7      | Reached skill level 10 in Evocations
  9020 | D:7      | Reached skill level 1 in Armour
  9120 | D:7      | Reached skill level 2 in Armour
  9120 | D:7      | Reached skill level 3 in Dodging
  9342 | D:7      | Found a shadowy altar of Dithmenos.
  9943 | D:8      | Acquired Qazlal's fourth power
  9943 | D:8      | Reached skill level 3 in Armour
 10042 | D:8      | Reached skill level 4 in Dodging
 10487 | D:8      | Reached skill level 4 in Armour
 10882 | D:8      | Reached skill level 5 in Dodging
 10883 | D:8      | Noticed Grum
 10906 | D:8      | Killed Grum
 10906 | D:8      | Reached XP level 10. HP: 19/74 MP: 4/17
 10920 | D:8      | Reached skill level 5 in Armour
 11253 | D:8      | Reached skill level 6 in Dodging
 11481 | D:8      | Reached skill level 6 in Armour
 11555 | D:8      | Gained mutation: You are resistant to electric shocks. [mutagenic meat]
 11556 | D:8      | Gained mutation: You are partially covered in slimy green scales (AC +2). [mutagenic meat]
 12130 | D:8      | Reached skill level 7 in Dodging
 12831 | D:8      | Reached skill level 1 in Polearms
 12856 | D:9      | Reached skill level 2 in Polearms
 13133 | D:9      | Reached skill level 3 in Polearms
 13357 | D:9      | Found a radiant altar of Vehumet.
 13357 | D:9      | Found a sacrificial altar of Ru.
 13358 | D:9      | Found a glowing golden altar of the Shining One.
 13434 | D:9      | Reached skill level 4 in Polearms
 13908 | D:9      | Reached skill level 5 in Polearms
 13918 | D:9      | Reached skill level 6 in Polearms
 13918 | D:9      | Reached XP level 11. HP: 69/79 MP: 18/18
 13974 | D:9      | Found a glowing silver altar of Zin.
 13976 | D:9      | Found a stormy altar of Qazlal.
 14217 | D:10     | Entered Level 10 of the Dungeon
 14484 | D:10     | Reached skill level 7 in Polearms
 14780 | D:10     | Acquired Qazlal's fifth power
 15197 | D:10     | Reached skill level 8 in Polearms
 15705 | D:11     | Noticed a hill giant
 15724 | D:11     | Killed a hill giant
 15724 | D:11     | Reached skill level 9 in Polearms
 16496 | D:11     | Found a staircase to the Lair.
 16553 | Lair:1   | Entered Level 1 of the Lair of Beasts
 16700 | Lair:1   | HP: 16/79 [komodo dragon (18)]
 16708 | Lair:1   | Reached skill level 10 in Polearms
 16723 | Lair:1   | HP: 10/79 [iguana (11)]
 17281 | Lair:1   | Reached skill level 11 in Polearms
 17535 | Lair:1   | Reached XP level 12. HP: 86/86 MP: 19/19
 17875 | Lair:1   | Noticed Urug
 17885 | Lair:1   | Killed Urug
 18499 | Lair:2   | Reached skill level 12 in Polearms
 19700 | Lair:2   | Reached skill level 13 in Polearms
 20308 | Lair:3   | HP: 21/86 [poisoned by a spiny frog]
 20313 | Lair:3   | HP: 19/86 [poisoned by a spiny frog]
 20319 | Lair:3   | HP: 17/86 [poisoned by a spiny frog]
 20327 | Lair:3   | HP: 17/86 [poisoned by a spiny frog]
 20335 | Lair:3   | HP: 17/86 [poisoned by a spiny frog]
 21024 | Lair:3   | Found a staircase to the Shoals.
 21032 | Lair:3   | Found a radiant altar of Vehumet.
 21591 | Lair:4   | Reached skill level 14 in Polearms
 21773 | Lair:4   | Noticed Sonja
 21918 | Lair:4   | Noticed Sonja
 21918 | Lair:4   | Sonja changed into Sonja the eye of draining
 21920 | Lair:4   | Reached XP level 13. HP: 50/91 MP: 20/20
 21924 | Lair:4   | Killed Sonja the eye of draining
 21974 | Lair:4   | Identified a scroll of acquirement
 21976 | Lair:4   | Got a pair of fine gloves
 21987 | Lair:4   | Identified the +2 pair of gloves of Sajul {+Inv rCorr} (You acquired it on level 4 of the Lair of Beasts)
 22067 | Lair:4   | Noticed nago's ghost (mighty VSFE)
 22481 | D:11     | Noticed a hill giant
 22489 | D:11     | Killed a hill giant
 22643 | D:12     | Found a bloodstained altar of Trog.
 22756 | D:12     | Reached skill level 15 in Polearms
 22859 | D:12     | Noticed Maud
 22874 | D:12     | HP: 12/91 [Maud/antimagic broad axe (24)]
 22887 | D:12     | Killed Maud
 23059 | D:12     | Reached skill level 7 in Armour
 23352 | D:12     | Found a staircase to the Orcish Mines.
 23443 | D:12     | Reached skill level 6 in Fighting
 23443 | D:12     | Reached skill level 8 in Dodging
 23604 | D:12     | HP: 34/141 [orc sorcerer/bolt of negative energy (7)]
 23629 | D:12     | HP: 17/94 [deep elf mage/fireball (4)]
 24061 | D:12     | Noticed a deep elf sorcerer
 24068 | D:12     | Killed a deep elf sorcerer
 24068 | D:12     | Reached skill level 8 in Armour
 24117 | D:12     | Identified the Catalogue of Earthen Shape Shifting
 24183 | D:12     | Found a deep blue altar of Sif Muna.
 24212 | D:12     | Identified Cigotuvi's Volume of Evil
 24214 | D:12     | Identified the Volume of Congealing Attacks
 24224 | D:12     | Identified the Compendium of the Shifting Compass
 24226 | D:12     | Identified Aploig's Collected Works on the Glacial Escort
 24668 | Orc:1    | Entered Level 1 of the Orcish Mines
 24675 | Orc:1    | Reached skill level 7 in Fighting
 24769 | Orc:1    | Reached skill level 9 in Dodging
 25089 | Orc:2    | Reached XP level 14. HP: 103/103 MP: 21/21
 25283 | Orc:2    | Found Iguorch's Incredible Inventory.
 25289 | Orc:2    | Bought a scroll of identify for 26 gold pieces
 25635 | Orc:1    | Found Xesahuir's Food Emporium.
 26361 | Orc:3    | Found a staircase to the Elven Halls.
 26546 | Orc:4    | Entered Level 4 of the Orcish Mines
 26556 | Orc:4    | Found Quteg's Distillery.
 26593 | Orc:4    | Bought a potion of heal wounds for 50 gold pieces
 26593 | Orc:4    | Bought a potion of curing for 30 gold pieces
 26593 | Orc:4    | Bought a potion of curing for 30 gold pieces
 26593 | Orc:4    | Bought a potion of heal wounds for 50 gold pieces
 26593 | Orc:4    | Bought a potion of curing for 30 gold pieces
 26700 | Orc:4    | Found a roughly hewn altar of Beogh.
 26823 | Orc:4    | HP: 25/103 [orc priest/divine providence (12)]
 27366 | Orc:4    | Reached skill level 8 in Fighting
 27737 | Orc:4    | Found Ceig's Distillery.
 27737 | Orc:4    | Found Xenausuv's Book Boutique.
 27738 | Orc:4    | Found Xumpuluwk's General Store.
 27741 | Orc:4    | Found Zoschiaf's Jewellery Shop.
 27744 | Orc:4    | Bought a potion of heal wounds for 60 gold pieces
 27746 | Orc:4    | Bought a scroll of identify for 24 gold pieces
 27746 | Orc:4    | Bought a scroll of identify for 24 gold pieces
 27952 | Orc:4    | Bought the ring of the Swan {*Contam rElec rPois rC+ rN+++} for 1054 gold pieces
 28271 | D:13     | Reached skill level 9 in Armour
 28314 | D:13     | Reached skill level 10 in Dodging
 28549 | D:13     | Noticed Snorg
 28589 | D:13     | Noticed Rupert
 28612 | D:13     | Noticed Erolcha
 28625 | D:13     | Killed Erolcha
 28625 | D:13     | Reached skill level 9 in Fighting
 28628 | D:13     | Killed Snorg
 28643 | D:13     | Killed Rupert
 28825 | D:13     | Reached skill level 10 in Armour
 29541 | D:14     | Reached skill level 10 in Fighting
 29579 | D:14     | Reached skill level 1 in Invocations
 29716 | D:14     | Reached skill level 2 in Invocations
 29766 | D:14     | Reached skill level 3 in Invocations
 29778 | D:14     | Reached XP level 15. HP: 100/115 MP: 22/22
 29808 | D:14     | Reached skill level 4 in Invocations
 30064 | D:14     | Reached skill level 5 in Invocations
 30118 | D:14     | Reached skill level 11 in Evocations
 30228 | D:14     | Found a gate to the Vaults.
 30433 | D:14     | Reached skill level 6 in Invocations
 30722 | D:15     | Entered Level 15 of the Dungeon
 31102 | D:15     | Reached skill level 7 in Invocations
 31482 | D:15     | Reached skill level 12 in Evocations
 31530 | D:15     | Found a staircase to the Depths.
 31641 | D:15     | Found Izugal Ofel's Antique Armour Shop.
 31661 | D:15     | Reached skill level 8 in Invocations
 31980 | D:15     | Bought a glowing hat for 132 gold pieces
 32017 | D:15     | Found Usmaasuk's Distillery.
 32026 | D:15     | Bought a potion of heal wounds for 70 gold pieces
 32026 | D:15     | Bought a potion of berserk rage for 70 gold pieces
 32095 | D:15     | Found Xujeczol's Weapon Shop.
 32757 | D:15     | Found Xuf Teclen's Weapon Shop.
 32941 | D:15     | Bought a pair of dazzling gloves for 313 gold pieces
 32951 | D:15     | Identified the +2 pair of gloves of the Gardener {rElec rN+ rCorr Str+3} (You bought it in a shop on level 15 of the Dungeon)
 33648 | Lair:4   | Reached skill level 9 in Invocations
 34175 | Lair:5   | Reached XP level 16. HP: 122/122 MP: 25/25
 34229 | Lair:5   | Found a frozen archway.
 34240 | IceCv    | Entered an ice cave
 34967 | Lair:5   | Found a hole to the Spider Nest.
 34977 | Lair:5   | Reached skill level 13 in Evocations
 35415 | Lair:5   | Reached skill level 10 in Invocations
 35767 | Lair:5   | Found a hole to the Spider Nest.
 37133 | Lair:6   | Upgraded the game from 0.17-a0-1481-gfdcec5c to 0.17-a0-1485-g22cb0ee
 37345 | Lair:7   | Reached skill level 14 in Evocations
 37391 | Lair:7   | Got a bone short sword
 37392 | Lair:7   | Identified the +6 short sword of Bodily Humours {freeze, rN+ MR- Dex+3} (You found it on level 7 of the Lair of Beasts)
 37483 | Lair:7   | Noticed Nessos
 37496 | Lair:7   | Killed Nessos
 38342 | Lair:8   | Entered Level 8 of the Lair of Beasts
 38506 | Lair:8   | Reached skill level 15 in Evocations
 38794 | Lair:8   | Got an ancient robe
 38858 | Lair:8   | Found a staircase to the Slime Pits.
 39387 | Lair:8   | Killed nago's ghost
 39575 | Lair:8   | Reached XP level 17. HP: 89/128 MP: 28/28
 39856 | Lair:8   | Found a burning altar of Makhleb.
 39867 | Lair:8   | Found a gateway to Hell.
 40368 | Spider:1 | Entered Level 1 of the Spider Nest
 40802 | Spider:1 | Reached skill level 16 in Evocations
 40876 | Lair:5   | HP: 28/128 [entropy weaver (8)]
 41652 | Spider:1 | Reached skill level 17 in Evocations
 42435 | Spider:2 | Noticed Aizul
 42852 | Spider:2 | Killed Aizul
 42872 | Spider:2 | Reached skill level 18 in Evocations
 43495 | Spider:2 | Found a roughly hewn altar of Beogh.
 43950 | Spider:2 | Upgraded the game from 0.17-a0-1485-g22cb0ee to 0.17-a0-1497-g03599f7
 43950 | Spider:2 | HP: 23/128 [wolf spider (16)]
 43955 | Spider:2 | HP: 31/192 [wolf spider (3)]
 44304 | Spider:2 | Reached skill level 19 in Evocations
 44515 | Spider:3 | HP: 32/128 [queen ant (10)]
 44520 | Spider:3 | HP: 29/128 [poisoned by a spider]
 44522 | Spider:3 | HP: 12/128 [demonic crawler (8)]
 44529 | Spider:3 | HP: 21/128 [poisoned by a spider]
 44534 | Spider:3 | HP: 21/128 [poisoned by a spider]
 44541 | Spider:3 | HP: 21/128 [poisoned by a spider]
 44549 | Spider:3 | HP: 22/128 [poisoned by a spider]
 44977 | Spider:3 | Reached XP level 18. HP: 101/134 MP: 31/31
 45424 | Spider:4 | Entered Level 4 of the Spider Nest
 46096 | Spider:4 | Reached skill level 20 in Evocations
 46738 | Spider:4 | Reached skill level 16 in Polearms
 46844 | Spider:4 | Noticed Arachne
 46848 | Spider:4 | Noticed Arachne
 46848 | Spider:4 | Arachne changed into Arachne the fire giant
 46860 | Spider:4 | Killed Arachne the fire giant
 47723 | Spider:4 | HP: 29/134 [emperor scorpion (7)]
 47824 | Spider:4 | HP: 32/134 [emperor scorpion (5)]
 48216 | Spider:4 | Got a gossamer rune of Zot
 48447 | Spider:1 | Reached skill level 17 in Polearms
 48639 | Lair:2   | Upgraded the game from 0.17-a0-1497-g03599f7 to 0.17-a0-1504-gb7d9117
 48713 | Shoals:1 | Entered Level 1 of the Shoals
 48713 | Shoals:1 | Found Miokomm's Magic Scroll Shoppe.
 48738 | Shoals:1 | Bought a scroll of recharging for 161 gold pieces
 48738 | Shoals:1 | Bought a scroll of blinking for 127 gold pieces
 48738 | Shoals:1 | Bought a scroll of fear for 59 gold pieces
 48738 | Shoals:1 | Bought a scroll of fear for 59 gold pieces
 49913 | Shoals:2 | Found Vecsicesu's Distillery.
 50367 | Shoals:2 | Bought a potion of heal wounds for 80 gold pieces
 50367 | Shoals:2 | Bought a potion of flight for 48 gold pieces
 50473 | Shoals:2 | Reached skill level 18 in Polearms
 50486 | Shoals:2 | Reached XP level 19. HP: 95/140 MP: 33/33
 51009 | Shoals:2 | Found Kirghiahi's Gadget Shop.
 51017 | Shoals:2 | Bought a wand of heal wounds (5) for 702 gold pieces
 52335 | Shoals:3 | Identified a -2 rod of inaccuracy (10/10) {!a} (You took it off a vampire mage on level 12 of the Dungeon)
 52347 | Shoals:4 | Entered Level 4 of the Shoals
 52588 | Shoals:4 | HP: 24/140 [alligator snapping turtle (31)]
 52890 | Shoals:4 | Noticed Ilsuiw
 53168 | Shoals:3 | Reached skill level 19 in Polearms
 53717 | Shoals:4 | Killed Ilsuiw
 53717 | Shoals:4 | HP: 32/140 [merfolk javelineer/spear of piercing (10)]
 54522 | Shoals:4 | Got a brightly glowing pewter ring
 54524 | Shoals:4 | Identified the ring "Gimu" {rF+ Int+2 SInv} (You found it on level 4 of the Shoals)
 54732 | Shoals:4 | Identified the Handbook of Conjuration and Flight
 54888 | Shoals:4 | HP: 31/140 [merfolk javelineer/javelin of penetration (8)]
 55362 | Shoals:4 | Reached skill level 20 in Polearms
 55710 | Shoals:4 | Got a barnacled rune of Zot
 56215 | Vaults:1 | Entered Level 1 of the Vaults
 56358 | Vaults:1 | HP: 35/140 [fire dragon/blast of flame (54)]
 56944 | Orc:3    | Reached XP level 20. HP: 148/148 MP: 34/34
 56959 | Elf:1    | Entered Level 1 of the Elven Halls
 58337 | Elf:1    | Reached skill level 11 in Armour
 58423 | Elf:1    | Found Sixeof's General Store.
 58719 | Elf:1    | Reached skill level 11 in Fighting
 58743 | Elf:1    | Reached XP level 21. HP: 149/157 MP: 35/35
 58930 | Elf:2    | Found Pymat's Magic Scroll Boutique.
 58934 | Elf:2    | Bought a scroll of recharging for 133 gold pieces
 58934 | Elf:2    | Bought a scroll of identify for 28 gold pieces
 59348 | Elf:2    | Found a huge runed gate.
 59348 | Elf:2    | Found a huge runed gate.
 59348 | Elf:2    | Found a huge runed gate.
 59348 | Elf:2    | Found a huge runed gate.
 59353 | Elf:2    | Found a huge runed gate.
 59509 | Elf:2    | HP: 33/158 [trident of flaming (14)]
 59881 | Elf:2    | Reached skill level 12 in Armour
 59959 | Elf:2    | Reached skill level 12 in Fighting
 61254 | Elf:3    | Entered Level 3 of the Elven Halls
 61843 | Elf:3    | Got a pitted rapier
 62771 | Elf:3    | Got a clouded zirconium amulet
 62773 | Elf:3    | Identified the amulet of Dissent {Faith *Confuse rN+ Int+5 Stlth+} (You took it off a deep elf demonologist on level 3 of the Elven Halls)
 63947 | Elf:3    | Reached skill level 13 in Armour
 64115 | Elf:3    | Got a faintly glowing trident {flame}
 64116 | Elf:3    | Identified the +10 trident of Turmoil {flame, Str+2} (You took it off a deep elf death mage on level 3 of the Elven Halls)
 64173 | Elf:3    | Reached skill level 13 in Fighting
 64176 | Elf:3    | Got a scorched trident
 64538 | Elf:3    | Identified the cursed +3 trident "Ihibb" {pierce, Str+5} (You took it off a deep elf demonologist on level 3 of the Elven Halls)
 64606 | Elf:3    | Got a spiked scale mail
 64751 | Elf:3    | Identified the +2 scale mail of Slovenliness {Int+4} (You took it off a deep elf high priest on level 3 of the Elven Halls)
 65417 | Elf:3    | Reached XP level 22. HP: 162/170 MP: 36/36
 66390 | Elf:3    | Identified Sif Muna's Volume of Companions and Poison (You found it on level 3 of the Elven Halls)
 67091 | Depths:1 | Entered Level 1 of the Depths
 67500 | Depths:1 | Reached skill level 14 in Armour
 68038 | Depths:1 | Found a runed door.
 68040 | Depths:1 | Noticed a golden dragon
 68049 | Depths:1 | Reached skill level 14 in Fighting
 68125 | Depths:1 | Killed a golden dragon
 68694 | Depths:1 | Found a glowing golden altar of the Shining One.
 70154 | Depths:1 | Got a crude flail {freeze}
 70155 | Depths:1 | Identified the +5 flail of the Vendetta {freeze, rF+} (You took it off a spriggan berserker on level 1 of the Depths)
 70432 | Depths:1 | Reached skill level 1 in Shields
 70746 | Depths:1 | Reached skill level 2 in Shields
 71004 | Depths:2 | Reached skill level 3 in Shields
 71020 | Depths:2 | Noticed an ancient lich
 71028 | Depths:2 | Reached skill level 15 in Armour
 71414 | Depths:1 | Reached skill level 15 in Fighting
 71414 | Depths:1 | Reached skill level 4 in Shields
 72825 | Depths:1 | Killed an ancient lich
 72825 | Depths:1 | Reached XP level 23. HP: 106/181 MP: 26/37
 73034 | Depths:2 | Reached skill level 21 in Polearms
 74160 | Depths:2 | Found a gateway to a ziggurat.
 74244 | Depths:2 | Reached skill level 22 in Polearms
 74619 | Depths:2 | HP: 42/181 [titan/the air (26)]
 75422 | Depths:2 | Found a roughly hewn altar of Beogh.
 75952 | Depths:2 | Found Iruafuj's Slaves and Accessories.
 76010 | Depths:2 | Found Reilio's Miraculous Elixirs.
 76214 | Depths:2 | Found Jack's Jerk-a-riffic Jerky.
 76463 | Depths:2 | Reached skill level 23 in Polearms
 76480 | Depths:2 | Found The Legendary Gollirphe's Legendary Smithy.
 77028 | Orc:2    | Bought a manual of Invocations for 1435 gold pieces
 77028 | Orc:2    | Bought a manual of Invocations for 1435 gold pieces
 77349 | Depths:3 | Found a one-way gate leading to the halls of Pandemonium.
 77768 | Depths:2 | Reached skill level 11 in Invocations
 78376 | Depths:2 | Reached XP level 24. HP: 157/188 MP: 35/37
 78805 | Depths:3 | Reached skill level 12 in Invocations
 78887 | Depths:3 | Noticed Boris
 79111 | Depths:3 | Killed Boris
 79402 | Depths:3 | Reached skill level 13 in Invocations
 79761 | Depths:3 | Noticed a caustic shrike
 79797 | Depths:3 | Killed a caustic shrike
 79818 | Depths:3 | HP: 41/188 [deep troll[a boggart] (25)]
 80387 | Depths:3 | Found Cuunlela's Antique Weapon Boutique.
 80507 | Depths:3 | Reached skill level 14 in Invocations
 81477 | Depths:3 | Reached skill level 15 in Invocations
 81493 | Depths:3 | Got a pair of polished gloves
 81510 | Depths:3 | Identified the +0 pair of gloves of Koomowid {Str+4} (You acquired it on level 3 of the Depths)
 82504 | Depths:4 | Reached skill level 24 in Polearms
 82603 | Depths:4 | Reached skill level 16 in Invocations
 82631 | Depths:4 | HP: 47/188 [fire giant/fireball (29)]
 83299 | Elf:2    | Bought a scroll of enchant armour for 105 gold pieces
 83603 | Shoals:1 | Bought a scroll of enchant armour for 127 gold pieces
 84269 | Depths:4 | Reached XP level 25. HP: 181/194 MP: 35/37
 84314 | Depths:4 | Reached skill level 17 in Invocations
 84846 | Depths:4 | Got a transparent plate armour
 84857 | Depths:4 | Identified the +2 plate armour of Dishonour {Dex+6} (You found it on level 4 of the Depths)
 85038 | Depths:4 | Paralysed by a great orb of eyes for 4 turns
 85358 | Depths:4 | Reached skill level 18 in Invocations
 85681 | Depths:4 | Found a one-way gate to the infinite horrors of the Abyss.
 85841 | Depths:5 | Entered Level 5 of the Depths
 86177 | Depths:5 | HP: 44/194 [spriggan air mage/the air (9)]
 86183 | Depths:5 | HP: 40/194 [spriggan air mage/bolt of lightning (5)]
 86205 | Depths:4 | HP: 39/194 [sphinx (9)]
 86807 | Depths:5 | Reached skill level 19 in Invocations
 87306 | Depths:5 | Found a gate to the Realm of Zot.
 87508 | Depths:5 | Found a stormy altar of Qazlal.
 87509 | Depths:5 | Found an iron altar of Okawaru.
 87509 | Depths:5 | Found a white marble altar of Elyvilon.
 87881 | Depths:5 | HP: 47/194 [deep troll (2)]
 88035 | Depths:4 | Reached skill level 25 in Polearms
 88769 | Depths:5 | Reached skill level 20 in Invocations
 89103 | Depths:5 | Reached XP level 26. HP: 120/201 MP: 26/37
 89523 | Depths:5 | Got a pair of brightly glowing boots
 89674 | Depths:5 | Identified the +0 pair of boots of the Hidden Vale {+Fly rCorr Dex-3 Stlth+} (You acquired it on level 5 of the Depths)
 90734 | Depths:5 | Reached skill level 26 in Polearms
 91910 | Depths:5 | Paralysed by a vampire knight for 3 turns
 92125 | Depths:5 | Got a crude hunting sling
 92874 | Lair:2   | Identified a +6 rod of inaccuracy (11/11) {!a} (You took it off a tengu conjurer on level 5 of the Depths)
 93079 | Vaults:1 | Reached skill level 27 in Polearms
 93170 | Vaults:1 | Noticed Jorgrun
 93183 | Vaults:1 | Killed Jorgrun
 93258 | Vaults:1 | Reached XP level 27. HP: 205/207 MP: 36/37
 93776 | Vaults:1 | Noticed Wiglaf
 93813 | Vaults:1 | Killed Wiglaf
 94250 | Vaults:1 | Got a slimy pewter ring
 94252 | Vaults:1 | Identified the ring of Virtue {Ice Dex+5} (You took it off a vault warden on level 1 of the Vaults)
 94396 | Vaults:1 | Cast into the Abyss (a deep elf sorcerer)
 94787 | Abyss:3  | Gained mutation: Your magical capacity is low (-10% MP). [a neqoxec]
 94788 | Abyss:3  | Gained mutation: You are very frail (-20% HP). [a neqoxec]
 94835 | Abyss:3  | Reached skill level 11 in Dodging
 94961 | Abyss:3  | HP: 47/188 [daeva/divine providence (9)]
 95439 | Abyss:3  | Noticed an ancient lich
 95456 | Abyss:3  | HP: 38/189 [reaper/scythe of freezing[an ancient lich] (22)]
 95466 | Abyss:3  | Found a corrupted altar of Lugonu.
 95484 | Vaults:1 | Escaped the Abyss
 96330 | Vaults:1 | Paralysed by a great orb of eyes for 7 turns
 96857 | Vaults:1 | Found a portal to a secret trove of treasure.
 97018 | Vaults:1 | Reached skill level 16 in Fighting
 97342 | Lair:2   | Lost mutation: Your magical capacity is low (-10% MP). [potion of cure mutation]
 97342 | Lair:2   | Lost mutation: You are frail (-10% HP). [potion of cure mutation]
 97342 | Lair:2   | Lost mutation: You are resistant to electric shocks. [potion of cure mutation]
 97342 | Lair:2   | Lost mutation: You are partially covered in slimy green scales (AC +2). [potion of cure mutation]
 97344 | Lair:2   | Gained mutation: Your system is resistant to poisons. [potion of mutation]
 97344 | Lair:2   | Gained mutation: You are frail (-10% HP). [potion of mutation]
 97344 | Lair:2   | Gained mutation: You are partially covered in yellow scales (AC +2). [potion of mutation]
 97630 | Slime:1  | Entered Level 1 of the Pits of Slime
 97637 | Slime:1  | Reached skill level 16 in Armour
 97859 | Slime:4  | Reached skill level 12 in Dodging
 97887 | Slime:4  | HP: 42/189 [slime creature (10)]
 97900 | Slime:4  | HP: 43/189 [acid (4)]
 97904 | Slime:4  | HP: 15/189 [acid (7)]
 98452 | Slime:5  | Gained mutation: You are weak. (Str -2) [a shining eye]
 98457 | Slime:5  | Gained mutation: You are very frail (-20% HP). [a shining eye]
 98460 | Slime:5  | Gained mutation: You are clumsy. (Dex -2) [a shining eye]
 98780 | Slime:6  | Entered Level 6 of the Pits of Slime
 98999 | Slime:6  | Noticed the royal jelly
 99111 | Slime:6  | Noticed a titan shaped Royal Jelly
 99111 | Slime:6  | the royal jelly changed into a titan shaped Royal Jelly
 99131 | Slime:6  | Killed a titan shaped Royal Jelly
 99131 | Slime:6  | HP: 35/169 [titan shaped Royal Jelly/exploding inner flame[the player character] (18)]
 99136 | Slime:6  | HP: 30/169 [azure jelly (3)]
 99143 | Slime:6  | HP: 24/169 [slime creature (3)]
100272 | Slime:6  | Gained mutation: You are occasionally teleported to nearby monsters. [a shining eye]
100518 | Slime:6  | Got a fine war axe
100529 | Slime:6  | Identified Iskenderun's Incunabulum of Conjuration and the Blaze
100567 | Slime:6  | Got a warped scimitar
100598 | Slime:6  | Identified Raruazeo's Volume of Conjuration and the Oath
100624 | Slime:6  | Got a jasper-encrusted chain mail
100635 | Slime:6  | Identified the +0 chain mail "Simerghu" {rF- Str+4 Dex-5 Slay+4} (You found it on level 6 of the Pits of Slime)
100680 | Slime:6  | Got a slimy rune of Zot
101164 | D:12     | Reached skill level 13 in Dodging
101254 | Orc:4    | Bought the amulet of Devotion {Spirit rElec MR+ Str+3} for 1006 gold pieces
101404 | Orc:4    | Bought a potion of cure mutation for 420 gold pieces
101404 | Orc:4    | Lost mutation: You are clumsy. (Dex -2) [potion of cure mutation]
101404 | Orc:4    | Lost mutation: You are occasionally teleported to nearby monsters. [potion of cure mutation]
101404 | Orc:4    | Lost mutation: You are weak. (Str -2) [potion of cure mutation]
101827 | Vaults:1 | You showed the slimy rune of Zot to enter a treasure trove
101828 | Trove    | Entered a treasure trove
101833 | Trove    | Identified Lehudib's Papyrus of Combat Magic
101890 | Trove    | Identified Sif Muna's Reference Book on Lightness
101896 | Trove    | Identified Sif Muna's Beginning Course on Witchcraft
102351 | Vaults:2 | Reached skill level 17 in Fighting
102433 | Vaults:2 | Reached skill level 18 in Fighting
102782 | Vaults:2 | Lost mutation: Your system is resistant to poisons. [potion of cure mutation]
102782 | Vaults:2 | Lost mutation: You are very frail (-20% HP). [potion of cure mutation]
102782 | Vaults:2 | Lost mutation: You are frail (-10% HP). [potion of cure mutation]
102782 | Vaults:2 | Lost mutation: You are partially covered in yellow scales (AC +2). [potion of cure mutation]
103134 | Vaults:2 | Reached skill level 19 in Fighting
103655 | Vaults:2 | Got an encrusted arbalest {penet}
104175 | Vaults:3 | Reached skill level 17 in Armour
104206 | Vaults:3 | HP: 56/224 [poisoned by a black mamba]
104214 | Vaults:3 | HP: 56/224 [poisoned by a black mamba]
104219 | Vaults:3 | Reached skill level 20 in Fighting
104775 | Vaults:3 | Found a bloodstained altar of Trog.
105096 | Vaults:3 | Found a staircase to the Crypt.
105851 | Vaults:4 | Reached skill level 14 in Dodging
106266 | Vaults:4 | Got a steaming jade ring
106271 | Vaults:4 | Identified the cursed ring of Greed {*Confuse Str-2 Int+6} (You took it off an ironbrand convoker on level 4 of the Vaults)
106948 | Vaults:4 | Reached skill level 18 in Armour
108024 | Vaults:5 | Entered Level 5 of the Vaults
108026 | Vaults:5 | Reached skill level 21 in Fighting
108026 | Vaults:5 | Reached skill level 15 in Dodging
108580 | Vaults:4 | Reached skill level 19 in Armour
108584 | Vaults:4 | Reached skill level 16 in Dodging
109499 | Vaults:5 | Got a coiled platinum ring
109501 | Vaults:5 | Identified the ring "Jikhluwn" {-Tele MP+9 Str+6 SInv} (You took it off a yaktaur captain on level 5 of the Vaults)
109506 | Vaults:5 | Got a faintly glowing platinum ring
109526 | Vaults:5 | Got a silver rune of Zot
109529 | Vaults:5 | Got a crude spear
109530 | Vaults:5 | Identified the +1 spear of Darkness {antimagic, MR++ Int-2 Dex+5} (You found it on level 5 of the Vaults)
109721 | Vaults:5 | Got a scorched iron ring
109723 | Vaults:5 | Identified the ring "Voeh" {rC- rN+ Str+3 Int+6} (You found it on level 5 of the Vaults)
109831 | Vaults:5 | Got a crude hand axe
109980 | Vaults:5 | Identified the Almanac of the Hidden Vale
110189 | Vaults:5 | Found Ockup's Weapon Boutique.
110317 | Vaults:5 | Found Yxzalyg's Antique Armour Shoppe.
110325 | Vaults:5 | Bought a runed helmet for 144 gold pieces
110557 | Vaults:5 | Identified the ring "Kyto" {Wiz Dex+4} (You took it off a deep elf high priest on level 5 of the Vaults)
111138 | Crypt:1  | Entered Level 1 of the Crypt
111183 | Crypt:1  | Noticed Saint Roka
111192 | Crypt:1  | Killed Saint Roka
111192 | Crypt:1  | Reached skill level 22 in Fighting
112824 | Crypt:2  | Reached skill level 17 in Dodging
113316 | Crypt:2  | Reached skill level 20 in Armour
114215 | Crypt:3  | Entered Level 3 of the Crypt
114215 | Crypt:3  | Noticed Xtahua
114229 | Crypt:3  | Killed Xtahua
114768 | Crypt:3  | Found an ancient bone altar of Kikubaaqudgha.
115042 | Crypt:3  | Noticed Margery
115061 | Crypt:3  | Killed Margery
115517 | Crypt:3  | Reached skill level 18 in Dodging
116111 | Crypt:3  | Found a staircase to the Tomb.
116429 | Crypt:3  | Reached skill level 23 in Fighting
117268 | Zig:1    | Entered Level 1 of a ziggurat
117284 | Zig:2    | Entered Level 2 of a ziggurat
117319 | Zig:3    | Entered Level 3 of a ziggurat
117354 | Zig:4    | Entered Level 4 of a ziggurat
117425 | Zig:4    | Got a transparent chain mail
117436 | Zig:4    | Identified the +8 chain mail of Midwinter {rC++ SInv Stlth+} (You found it on level 4 of a ziggurat)
117468 | Zig:5    | Entered Level 5 of a ziggurat
117579 | Zig:6    | Entered Level 6 of a ziggurat
117713 | Zig:6    | Reached skill level 21 in Armour
117715 | Zig:6    | Got a crystal shortbow
117718 | Zig:7    | Entered Level 7 of a ziggurat
117911 | Zig:7    | Got a brightly glowing turquoise ring
117913 | Zig:7    | Identified the ring "Zagguphympo" {Ice +Blink Str+2} (You found it on level 7 of a ziggurat)
117936 | Zig:8    | Entered Level 8 of a ziggurat
117943 | Zig:8    | Noticed Worohim the pandemonium lord
117960 | Zig:8    | Killed Worohim the pandemonium lord
118118 | Zig:8    | Got a brightly glowing scale mail
118141 | Zig:9    | Entered Level 9 of a ziggurat
118309 | Zig:9    | Identified a +5 rod of shadows (10/10) (You found it on level 9 of a ziggurat)
118326 | Zig:10   | Entered Level 10 of a ziggurat
118613 | Zig:10   | Got a jewelled plate armour
118624 | Zig:10   | Identified the +4 plate armour of the Trees {rN++} (You found it on level 10 of a ziggurat)
118638 | Zig:11   | Entered Level 11 of a ziggurat
118645 | Zig:11   | Reached skill level 19 in Dodging
118705 | Zig:11   | Identified a +1 pair of boots of running (You found it on level 11 of a ziggurat)
118721 | Zig:11   | Got a serpentine copper ring
118723 | Zig:11   | Identified the ring of Xiwed {Wiz rElec rC- Int+2} (You found it on level 11 of a ziggurat)
118811 | Zig:12   | Entered Level 12 of a ziggurat
118899 | Zig:12   | Got a scorched marble ring
118901 | Zig:12   | Identified the ring "Muufighe" {Ice *Confuse +Blink rElec Stlth+} (You found it on level 12 of a ziggurat)
119165 | Zot:1    | Entered Level 1 of the Realm of Zot
120078 | Zot:2    | Reached skill level 24 in Fighting
120175 | Zot:2    | Reached skill level 22 in Armour
120870 | Zot:2    | Noticed an orb of fire
120884 | Zot:2    | Killed an orb of fire
120891 | Zot:2    | Reached skill level 20 in Dodging
120893 | Zot:2    | HP: 46/239 [golden dragon/bolt of fire (17)]
122171 | Zot:2    | HP: 56/240 [golden dragon (20)]
122182 | Zot:2    | HP: 51/240 [golden dragon/blast of poison (3)]
122188 | Zot:2    | HP: 50/240 [poisoned by a golden dragon (blast of poison)]
123047 | Zot:3    | Reached skill level 25 in Fighting
123119 | Zot:3    | Got a shimmering bardiche
123120 | Zot:3    | Identified the +1 bardiche "Zivaf" {drain, rC+ Stlth+} (You found it on level 3 of the Realm of Zot)
123255 | Zot:3    | Reached skill level 23 in Armour
123643 | Zot:3    | Got a tattered robe
124130 | Zot:5    | Entered Level 5 of the Realm of Zot
124512 | Zot:4    | Got a distressingly furry robe
125220 | Zot:5    | Noticed an ancient lich
125234 | Zot:5    | Killed an ancient lich
125489 | Zot:5    | Noticed an ancient lich
125495 | Zot:5    | Killed an ancient lich
125570 | Zot:5    | Reached skill level 24 in Armour
125682 | Zot:5    | Reached skill level 26 in Fighting
125849 | Zot:5    | Noticed an orb of fire
125860 | Zot:5    | Killed an orb of fire
126435 | Zot:5    | Noticed an orb of fire
126441 | Zot:5    | Gained mutation: Your body sometimes deteriorates upon taking damage. [an orb of fire]
126443 | Zot:5    | Gained mutation: You heal slowly when monsters are visible. [an orb of fire]
126446 | Zot:5    | Killed an orb of fire
126533 | Zot:5    | Noticed an orb of fire
126545 | Zot:5    | Gained mutation: Your body often deteriorates upon taking damage. [an orb of fire]
126550 | Zot:5    | Killed an orb of fire
126763 | Zot:5    | Got the Orb of Zot
126972 | Depths:5 | Noticed Atenerir the pandemonium lord
127037 | Depths:5 | Reached skill level 25 in Armour
127066 | Depths:5 | Noticed Loudeol the pandemonium lord
127244 | Depths:4 | Noticed Jesidil the pandemonium lord
127692 | D:5      | Entered Level 5 of the Dungeon
127734 | D:4      | Killed rnawigator's ghost
127757 | D:4      | Noticed an ogre
127760 | D:4      | Killed an ogre
127853 | D:2      | Gained mutation: You are weak. (Str -2) [a neqoxec]
127854 | D:2      | Gained mutation: Scrolls take you a little longer to read. [a neqoxec]
127883 | D:1      | Lost mutation: Your body often deteriorates upon taking damage. [potion of cure mutation]
127883 | D:1      | Lost mutation: You heal slowly when monsters are visible. [potion of cure mutation]
127883 | D:1      | Lost mutation: Scrolls take you a little longer to read. [potion of cure mutation]
127883 | D:1      | Lost mutation: Your body sometimes deteriorates upon taking damage. [potion of cure mutation]
127883 | D:1      | Lost mutation: You are weak. (Str -2) [potion of cure mutation]
127909 | D:$      | Escaped with the Orb!

Vault maps used:
D:1:      dpeg_arrival_caged_fury, hex_intersection
D:3:      grunt_qazlal_clouds
D:4:      gup_sewer_entry_glass, fedhas_altar_fruit_tree
D:5:      lemuel_upstairs_altar, first_bread, serial_shops, nicolae_shop_trees,
          uniq_eustachio
D:6:      nicolae_overflow_crystal_walls, minmay_temple_entry_trees,
          serial_shops, shop, shop, shop, shop
D:7:      lemuel_coloured_pillars_altar, enter_bailey_1
D:8:      corexii_shantytown, roderic_filled_cross, uniq_grum
D:9:      corexii_shack_village, gammafunk_temple_overflow_pools,
          gammafunk_temple_overflow_claw
D:11:     lair_0_dummy
D:12:     evilmike_library_of_no_secrets, david_orc_4, basic_altar, uniq_maud
D:13:     stair_cage_line, david_nohive_1, uniq_rupert, uniq_snorg, uniq_erolcha
D:14:     erik_vaults_2, hangedman_decor_opposing
D:15:     hangedman_depths_entry_try_elsewhere_first, serial_co_window_serial,
          co_window_paths_a, co_window_paths_a, co_window_cross_1,
          co_window_of_opportunity_a, co_window_corner_a,
          co_window_unsneaky_path_b, co_window_broadway_b, co_window_corner_b,
          co_window_broadway_a, co_window_of_opportunity_c, co_window_corner_ca,
          glass_columns_b, serial_shops, nicolae_shop_behind_doors,
          nicolae_shop_temple_entry_statues_fountains, shop, shop,
          hangedman_decor_peaks_small, st_stairs_5
Lair:1:   beast_lair_carwin_large_4, minivault_25, uniq_urug
Lair:2:   serial_bayou_shore_a
Lair:3:   gammafunk_lair_bear_cave, minmay_shoals_entry_hut, basic_altar,
          infiniplex_staircase_pool_2, serial_bayou_shore_b, grunt_megastairs_4,
          serial_bayou_shore_b, lemuel_fruit_fields
Lair:4:   bh_autumn_forest_stairs, uniq_sonja
Lair:5:   spider_nest_entry_funnel_web, portal_ice_cave_entry_imps,
          grunt_megastairs_3
Lair:6:   grunt_megastairs_5
Lair:7:   grunt_forest_large_clearing_hut, grunt_megastairs_2, uniq_nessos
Lair:8:   evil_forest, slime_dummy, grunt_forest_stairs_basic,
          lemuel_fruit_fields
Shoals:1: serial_shops, shop_fountains
Shoals:2: serial_shops, nicolae_shop_statue_plus, shop
Shoals:3: hangedman_shoal_octodias
Shoals:4: shoals_end_hangedman, shoal_ilsuiw
Spider:1: nicolae_spider_webs_and_nodes, spider_trap, lemuel_wasp_nest
Spider:2: nicolae_spider_mines_2, guppyfry_wasp_nest, uniq_aizul
Spider:3: zaba_anthell
Spider:4: spider_rune_water, spiders_nest_the_unseen, uniq_arachne
Slime:3:  nicolae_slime_phagocytosis
Slime:4:  cheibrodos_slime_lost_civilization_1,
          cheibrodos_slime_lost_civilization_5
Orc:1:    serial_shops, shop
Orc:2:    nicolae_alphabet_shops
Orc:3:    nicolae_orc_pool_cavern
Orc:4:    st_orc_mages, serial_shops, shop_fountains, mines1_david
Elf:1:    minmay_elf_arrival_circle, serial_shops, nicolae_shop_statue_plus,
          kennysheep_underground_church, st_stairs_3
Elf:2:    serial_shops, shop
Elf:3:    elf_hall_gauntlet_narrow, roderic_lattice_octagonal_star
Vaults:1: nicolae_vaults_branching_niches, hangedman_vaults_trim,
          hangedman_vaults_maws, vaults_mumra_hexcomb,
          hangedman_vaults_corner_blocks, vaults_room_corners,
          ontoclasm_vaults_loading_screen,
          nicolae_vaults_windows_and_doors_thing,
          hangedman_vaults_stretched_pinwheel, nicolae_vaults_little_squares_4,
          vaults_room_pools, nicolae_trove_entry_columns, uniq_jorgrun,
          uniq_wiglaf
Vaults:2: st_eye, grunt_vaults_trifunnel, ontoclasm_vaults_chip,
          nicolae_vaults_rhombus_7, hangedman_vaults_stitches,
          nicolae_vaults_circle_grid_a, vaults_dpeg_diagonal,
          ontoclasm_vaults_decontamination, nicolae_vaults_yaktaur_gun_rack,
          nicolae_vaults_sealed_display, hangedman_vaults_slice,
          ontoclasm_vaults_gateway, v_misc_17, grunt_vaults_hallway_long,
          nicolae_vaults_ring_of_whatevers, nicolae_vaults_shelves_hall
Vaults:3: ontoclasm_vaults_bender, st_star, v_misc_15,
          minmay_crypt_entry_simple_statues, nicolae_vaults_theta,
          vaults_mumra_chevron, vaults_dpeg_doors, v_rooms_5,
          nicolae_vaults_three_branches, vaults_room_door_hall,
          vaults_room_pool, grunt_vaults_focal, basic_altar
Vaults:4: grunt_vaults_funneled_arena, v_misc_28, v_misc_11,
          dpeg_vaults_monster_row, v_misc_19, grunt_vaults_diagonal, v_misc_22,
          nicolae_vaults_angled_halls, vaults_mumra_hex,
          nicolae_vaults_mini_display_case, hangedman_vaults_slice
Vaults:5: serial_shops
Crypt:1:  st_stairs_3, grunt_crypt_arrival_split, uniq_saint_roka
Crypt:2:  statuecave_lemuel
Crypt:3:  grunt_crypt_end_deaths_head, uniq_margery, uniq_xtahua
Depths:1: lightli_too_deep, basic_altar, minmay_door_square, minmay_hidden_floor
Depths:2: grated_community_mu, enter_ziggurat_c, hell_entry,
          hangedman_corner_corridor, infiniplex_staircase_zigzag_1,
          serial_bayou_shore_b
Depths:3: hangedman_cross_veins, hex_tiny, pf_hell_entry_great_geh, pan_entry,
          serial_shops, kennysheep_mini, hangedman_abyss_or_decor_stabs,
          grunt_decor_resistance, minmay_staircase_bubble, uniq_boris
Depths:4: minmay_connected_boxes_in_corner, roderic_roman_lattice, hell_entry,
          abyss_entry
Depths:5: hangedman_slaughterboxes, hell_entry
Zot:2:    st_stairs_11, zot_minivault_7
Zot:3:    zot_minivault_2
Zot:4:    circus_mu, stair_cage_line
Zot:5:    st_stairs_1
Abyss:2:  hangedman_shadowy_showcase
Abyss:3:  minivault_25
Zig:10:   ziggurat_pillar_centre_oklobs
Trove:    trove_books_scrolls
Sewer:    sewer_frog_island_02
Bailey:   bailey_axe_4, bailey
IceCv:    ice_cave_statue_garden_01

Action                   |  1- 3 |  4- 6 |  7- 9 | 10-12 | 13-15 | 16-18 | 19-21 | 22-24 | 25-27 || total
-------------------------+-------+-------+-------+-------+-------+-------+-------+-------+-------++-------
Melee: Short sword       |    87 |       |       |       |       |       |       |       |       ||    87
       Dagger            |   179 |   572 |   980 |   209 |       |       |       |       |       ||  1940
       Glaive            |       |       |       |   654 |  1317 |  1568 |  1088 |       |       ||  4627
       Trident           |       |       |       |       |       |       |   143 |  2554 |  2415 ||  5112
       Bardiche          |       |       |       |       |       |       |     1 |       |  3881 ||  3882
 Fire: Blowgun           |       |       |       |    26 |     7 |       |       |       |       ||    33
Throw: Tomahawk          |       |       |    17 |       |       |       |       |       |       ||    17
Invok: Upheaval          |       |       |     4 |     1 |       |       |       |       |       ||     5
       Disaster Area     |       |       |       |       |       |     6 |     4 |     1 |    16 ||    27
 Abil: Evoke Flight      |       |       |    11 |       |       |       |       |       |     3 ||    14
       Evoke Teleportati |       |       |       |       |       |       |       |       |     1 ||     1
Evoke: Wand              |    21 |     5 |    26 |     1 |     4 |    11 |    31 |    17 |    31 ||   147
       Stone of tremors  |       |       |     1 |       |     2 |     1 |       |     1 |     1 ||     6
       Deck              |       |       |       |       |       |     2 |       |     2 |     2 ||     6
       Fan of gales      |       |       |       |       |       |       |       |     1 |     7 ||     8
       Phial of floods   |       |       |       |       |       |       |       |       |     2 ||     2
       Rod               |       |       |       |       |       |       |       |       |     1 ||     1
  Use: Scroll            |     3 |     4 |     5 |    15 |    14 |     5 |    17 |    13 |    59 ||   135
       Potion            |       |     3 |     2 |       |     7 |     6 |     6 |     6 |    28 ||    58
 Stab: Betrayed ally     |     1 |       |       |       |       |       |       |       |       ||     1
       Sleeping          |       |     1 |       |       |       |       |       |       |       ||     1
       Fleeing           |       |       |       |     2 |       |       |       |       |       ||     2
       Distracted        |       |       |       |       |     1 |     1 |       |       |     2 ||     4
       Held in net/web   |       |       |       |       |       |     1 |       |       |       ||     1
       Paralysed         |       |       |       |       |       |       |     3 |     3 |       ||     6
       Invisible         |       |       |       |       |       |       |     1 |       |       ||     1
       Petrified         |       |       |       |       |       |       |       |       |     2 ||     2
       Petrifying        |       |       |       |       |       |       |       |       |     1 ||     1
  Eat: Chunk             |     4 |    10 |    10 |    32 |    31 |    18 |    22 |    35 |    75 ||   237
       Bread ration      |       |       |     2 |     1 |     1 |       |     3 |     1 |     3 ||    11
       Royal jelly       |       |       |     1 |     1 |       |       |       |       |       ||     2
       Beef jerky        |       |       |       |     1 |       |       |       |     1 |     2 ||     4
       Meat ration       |       |       |       |       |     2 |     7 |     2 |     4 |    13 ||    28
       Fruit             |       |       |       |       |       |       |     5 |       |       ||     5
       Pizza             |       |       |       |       |       |       |       |     1 |       ||     1

Vault maps used:
D:1:      dpeg_arrival_caged_fury, hex_intersection
D:3:      grunt_qazlal_clouds
D:4:      gup_sewer_entry_glass, fedhas_altar_fruit_tree
D:5:      lemuel_upstairs_altar, first_bread, serial_shops, nicolae_shop_trees,
          uniq_eustachio
D:6:      nicolae_overflow_crystal_walls, minmay_temple_entry_trees,
          serial_shops, shop, shop, shop, shop
D:7:      lemuel_coloured_pillars_altar, enter_bailey_1
D:8:      corexii_shantytown, roderic_filled_cross, uniq_grum
D:9:      corexii_shack_village, gammafunk_temple_overflow_pools,
          gammafunk_temple_overflow_claw
D:11:     lair_0_dummy
D:12:     evilmike_library_of_no_secrets, david_orc_4, basic_altar, uniq_maud
D:13:     stair_cage_line, david_nohive_1, uniq_rupert, uniq_snorg, uniq_erolcha
D:14:     erik_vaults_2, hangedman_decor_opposing
D:15:     hangedman_depths_entry_try_elsewhere_first, serial_co_window_serial,
          co_window_paths_a, co_window_paths_a, co_window_cross_1,
          co_window_of_opportunity_a, co_window_corner_a,
          co_window_unsneaky_path_b, co_window_broadway_b, co_window_corner_b,
          co_window_broadway_a, co_window_of_opportunity_c, co_window_corner_ca,
          glass_columns_b, serial_shops, nicolae_shop_behind_doors,
          nicolae_shop_temple_entry_statues_fountains, shop, shop,
          hangedman_decor_peaks_small, st_stairs_5
Lair:1:   beast_lair_carwin_large_4, minivault_25, uniq_urug
Lair:2:   serial_bayou_shore_a
Lair:3:   gammafunk_lair_bear_cave, minmay_shoals_entry_hut, basic_altar,
          infiniplex_staircase_pool_2, serial_bayou_shore_b, grunt_megastairs_4,
          serial_bayou_shore_b, lemuel_fruit_fields
Lair:4:   bh_autumn_forest_stairs, uniq_sonja
Lair:5:   spider_nest_entry_funnel_web, portal_ice_cave_entry_imps,
          grunt_megastairs_3
Lair:6:   grunt_megastairs_5
Lair:7:   grunt_forest_large_clearing_hut, grunt_megastairs_2, uniq_nessos
Lair:8:   evil_forest, slime_dummy, grunt_forest_stairs_basic,
          lemuel_fruit_fields
Shoals:1: serial_shops, shop_fountains
Shoals:2: serial_shops, nicolae_shop_statue_plus, shop
Shoals:3: hangedman_shoal_octodias
Shoals:4: shoals_end_hangedman, shoal_ilsuiw
Spider:1: nicolae_spider_webs_and_nodes, spider_trap, lemuel_wasp_nest
Spider:2: nicolae_spider_mines_2, guppyfry_wasp_nest, uniq_aizul
Spider:3: zaba_anthell
Spider:4: spider_rune_water, spiders_nest_the_unseen, uniq_arachne
Slime:3:  nicolae_slime_phagocytosis
Slime:4:  cheibrodos_slime_lost_civilization_1,
          cheibrodos_slime_lost_civilization_5
Orc:1:    serial_shops, shop
Orc:2:    nicolae_alphabet_shops
Orc:3:    nicolae_orc_pool_cavern
Orc:4:    st_orc_mages, serial_shops, shop_fountains, mines1_david
Elf:1:    minmay_elf_arrival_circle, serial_shops, nicolae_shop_statue_plus,
          kennysheep_underground_church, st_stairs_3
Elf:2:    serial_shops, shop
Elf:3:    elf_hall_gauntlet_narrow, roderic_lattice_octagonal_star
Vaults:1: nicolae_vaults_branching_niches, hangedman_vaults_trim,
          hangedman_vaults_maws, vaults_mumra_hexcomb,
          hangedman_vaults_corner_blocks, vaults_room_corners,
          ontoclasm_vaults_loading_screen,
          nicolae_vaults_windows_and_doors_thing,
          hangedman_vaults_stretched_pinwheel, nicolae_vaults_little_squares_4,
          vaults_room_pools, nicolae_trove_entry_columns, uniq_jorgrun,
          uniq_wiglaf
Vaults:2: st_eye, grunt_vaults_trifunnel, ontoclasm_vaults_chip,
          nicolae_vaults_rhombus_7, hangedman_vaults_stitches,
          nicolae_vaults_circle_grid_a, vaults_dpeg_diagonal,
          ontoclasm_vaults_decontamination, nicolae_vaults_yaktaur_gun_rack,
          nicolae_vaults_sealed_display, hangedman_vaults_slice,
          ontoclasm_vaults_gateway, v_misc_17, grunt_vaults_hallway_long,
          nicolae_vaults_ring_of_whatevers, nicolae_vaults_shelves_hall
Vaults:3: ontoclasm_vaults_bender, st_star, v_misc_15,
          minmay_crypt_entry_simple_statues, nicolae_vaults_theta,
          vaults_mumra_chevron, vaults_dpeg_doors, v_rooms_5,
          nicolae_vaults_three_branches, vaults_room_door_hall,
          vaults_room_pool, grunt_vaults_focal, basic_altar
Vaults:4: grunt_vaults_funneled_arena, v_misc_28, v_misc_11,
          dpeg_vaults_monster_row, v_misc_19, grunt_vaults_diagonal, v_misc_22,
          nicolae_vaults_angled_halls, vaults_mumra_hex,
          nicolae_vaults_mini_display_case, hangedman_vaults_slice
Vaults:5: serial_shops
Crypt:1:  st_stairs_3, grunt_crypt_arrival_split, uniq_saint_roka
Crypt:2:  statuecave_lemuel
Crypt:3:  grunt_crypt_end_deaths_head, uniq_margery, uniq_xtahua
Depths:1: lightli_too_deep, basic_altar, minmay_door_square, minmay_hidden_floor
Depths:2: grated_community_mu, enter_ziggurat_c, hell_entry,
          hangedman_corner_corridor, infiniplex_staircase_zigzag_1,
          serial_bayou_shore_b
Depths:3: hangedman_cross_veins, hex_tiny, pf_hell_entry_great_geh, pan_entry,
          serial_shops, kennysheep_mini, hangedman_abyss_or_decor_stabs,
          grunt_decor_resistance, minmay_staircase_bubble, uniq_boris
Depths:4: minmay_connected_boxes_in_corner, roderic_roman_lattice, hell_entry,
          abyss_entry
Depths:5: hangedman_slaughterboxes, hell_entry
Zot:2:    st_stairs_11, zot_minivault_7
Zot:3:    zot_minivault_2
Zot:4:    circus_mu, stair_cage_line
Zot:5:    st_stairs_1
Abyss:2:  hangedman_shadowy_showcase
Abyss:3:  minivault_25
Zig:10:   ziggurat_pillar_centre_oklobs
Trove:    trove_books_scrolls
Sewer:    sewer_frog_island_02
Bailey:   bailey_axe_4, bailey
IceCv:    ice_cave_statue_garden_01

Table legend:
 A = Turns spent in this place as a percentage of turns spent in the entire game.
 B = Non-inter-level travel turns spent in this place as a percentage of non-inter-level travel turns spent in the entire game.
 C = Inter-level travel turns spent in this place as a percentage of turns spent in this place.
 D = Turns resting spent in this place as a percentage of non-inter-level travel turns spent in this place.
 E = Turns spent auto-exploring this place as a percentage of non-inter-level travel turns spent in this place.
 F = Non-inter-level travel turns spent in this place divided by the number of levels of this place that you've seen.
                   A       B       C       D       E      F
               +-------+-------+-------+-------+-------+----------------------
         Total | 100.0 | 100.0 |   0.7 |   6.4 |   4.8 | 445.5
       Dungeon |  19.7 |  19.6 |   1.1 |   5.0 |   5.0 | 471.8
          Lair |   9.4 |   9.3 |   1.4 |   6.9 |   4.1 | 421.6
        Shoals |   5.3 |   5.3 |   0.5 |   9.7 |   4.2 | 476.5
   Spider Nest |   4.4 |   4.4 |   0.4 |   9.9 |   4.1 | 398.8
    Slime Pits |   2.5 |   2.5 |   0.2 |   6.8 |   1.7 | 148.5
  Orcish Mines |   3.1 |   3.0 |   2.0 |   5.4 |  11.6 | 275.0
   Elven Halls |   6.1 |   6.1 |   0.5 |   5.7 |   5.0 | 738.3
        Vaults |  10.3 |  10.3 |   0.6 |   5.9 |   8.4 | 746.4
         Crypt |   4.8 |   4.8 |   0.3 |   6.5 |   5.5 | 576.7
        Depths |  19.2 |  19.2 |   0.4 |   7.2 |   3.4 | 1388.0
           Zot |   6.6 |   6.6 |   0.5 |   8.1 |   4.1 | 474.4
         Abyss |   2.2 |   2.2 |   0.0 |   2.4 |   0.0 | 264.3
      Ziggurat |   2.2 |   2.2 |   0.0 |   5.0 |   6.4 |  66.4
         Trove |   0.1 |   0.1 |   0.0 |   0.0 |  27.8 |  36.0
         Sewer |   1.5 |   1.5 |   0.0 |   5.3 |   3.7 | 545.0
        Bailey |   2.5 |   2.5 |   0.0 |   3.3 |   2.0 | 903.0
      Ice Cave |   0.2 |   0.2 |   0.0 |  10.0 |   2.5 |  80.0
               +-------+-------+-------+-------+-------+----------------------

Table legend:
 A = Kills in this place as a percentage of kills in entire the game.
 B = Kills by you in this place as a percentage of kills by you in the entire game.
 C = Kills by friends in this place as a percentage of kills by friends in the entire game.
 D = Other kills in this place as a percentage of other kills in the entire game.
 E = Experience gained in this place as a percentage of experience gained in the entire game.
 F = Experience gained in this place divided by the number of levels of this place that you have seen.
                   A       B       C       D       E      F
               +-------+-------+-------+-------+-------+----------------------
         Total | 100.0 | 100.0 | 100.0 | 100.0 | 100.0 | 27936.3
       Dungeon |  16.1 |  16.0 |  41.7 |  11.1 |   5.1 | 7758.7
          Lair |   8.6 |   8.7 |   0.0 |   2.8 |   3.1 | 8878.5
        Shoals |   4.3 |   4.3 |   0.0 |   0.0 |   3.8 | 21464.2
   Spider Nest |   6.9 |   6.9 |   8.3 |   2.8 |   3.6 | 20647.5
    Slime Pits |   2.9 |   2.8 |   5.6 |  11.1 |   3.3 | 12338.7
  Orcish Mines |   5.6 |   5.7 |   0.0 |   0.0 |   0.4 | 2489.2
   Elven Halls |   3.4 |   3.5 |   0.0 |   2.8 |   4.0 | 30231.3
        Vaults |  16.6 |  16.7 |   0.0 |  22.2 |  19.3 | 87130.6
         Crypt |   6.1 |   6.3 |   0.0 |   0.0 |   7.6 | 57692.7
        Depths |  14.6 |  14.7 |  13.9 |   5.6 |  24.1 | 108872.4
           Zot |   6.2 |   6.2 |  11.1 |   2.8 |  19.5 | 88189.4
         Abyss |   2.2 |   2.0 |   0.0 |  22.2 |   1.9 | 14120.0
      Ziggurat |   4.3 |   4.3 |   0.0 |   8.3 |   4.1 | 7695.6
         Sewer |   1.3 |   1.3 |   2.8 |   0.0 |   0.0 | 333.0
        Bailey |   0.6 |   0.4 |  16.7 |   8.3 |   0.0 | 937.0
      Ice Cave |   0.2 |   0.2 |   0.0 |   0.0 |   0.1 | 2282.0
               +-------+-------+-------+-------+-------+----------------------
